 Dungeon Crawl Stone Soup version 0.31-a0-920-g28cbb04a8c (webtiles) character file.

Game seed: 3136917458286410593

3 Azuregosa the Sneak (level 1, -4/16 HPs)
             Began as an Octopode Delver on Oct 17, 2023.
             Was an Initiate of Cheibriados.
             Slain by an orc
             ... wielding a +0 hand axe
              (7 damage)
             ... on level 4 of the Dungeon.
             The game lasted 00:01:50 (227 turns).

Azuregosa the Sneak (Octopode Delver)                Turns: 227, Time: 00:01:51

Health: -4/16      AC:  1    Str: 12    XL:     1   Next: 50%
Magic:  1/1        EV: 13    Int: 13    God:    Cheibriados [......]
Gold:   0          SH:  0    Dex: 14    Spells: 0/0 levels left

rFire   . . .        b - +3 war axe (freeze)
rCold   . . .        (no shield)
rNeg    . . .        (helmet restricted)
rPois   .            (no amulet)
rElec   .            (no ring)
rCorr   .            (no ring)
SInv    .            (no ring)
Will    .....        (no ring)
Stlth   ++++         (no ring)
HPRegen 0.22/turn    (no ring)
MPRegen 0.07/turn    (no ring)
                     (no ring)

%: no passive effects
@: very slow
A: almost no armour, amphibious, 8 rings, camouflage 1, gelatinous body 1,
(nimble swimmer 1), tentacles
a: Renounce Religion


You were on level 4 of the Dungeon.
You worshipped Cheibriados.
Cheibriados was noncommittal.
You visited 2 branches of the dungeon, and saw 5 of its levels.

Inventory:

Hand Weapons
 b - a +3 war axe of freezing (weapon)
Wands
 e - a wand of digging (3)
Scrolls
 a - a scroll of fog
 c - a scroll of fear
 f - a scroll of identify {unknown}
Potions
 d - a potion of haste


   Skills:
 - Level 3.0 Fighting
 - Level 2.0 Dodging
 + Level 6.8 Stealth
 - Level 2.0 Unarmed Combat


You couldn't memorise any spells.
You didn't know any spells.
Your spell library was empty.

Dungeon Overview and Level Annotations

Branches:
Dungeon (7/15)             Temple (1/1) D:5

Altars:
Cheibriados
Gozag
Hepliaklqana
Makhleb
Nemelex Xobeh
Okawaru
Qazlal
Ru
Xom
Yredelemnul
The Shining One


Innate Abilities, Weirdness & Mutations

You cannot wear most types of armour.
You are amphibious.
You can wear up to eight rings at the same time.
Your skin changes colour to match your surroundings (Stealth+).
Your rubbery body absorbs attacks. (AC +1, EV +1)
((You are camouflaged when in or above water. (Stealth+)))
You have tentacles for arms and can constrict up to eight enemies at once.


Message History

You see here a +3 war axe of freezing.
b - a +3 war axe of freezing Your +3 war axe of freezing glows with a cold blue light!
b - a +3 war axe of freezing (weapon)
Found 13 gold pieces.
A black bear comes into view.
Found a stone staircase leading up.
There is a stone staircase leading up here.
You climb upwards.
There is a stone staircase leading down here.
Found a scale mail.
Found an escape hatch in the floor.
A giant cockroach comes into view.
You hit the giant cockroach. You freeze the giant cockroach.
You kill the giant cockroach!
Cheibriados thoroughly appreciates the change of pace.
f - a scroll labelled TAOCAI OMUKIO 4 orcs come into view.
An orc is wielding a +1 dagger of protection.
The orc shouts!
The orc moves out of view.
You barely miss the orc.
The orc shouts! x3
You grab the orc.
You constrict the orc, but do no damage.
The orc hits you with a +1 dagger of protection.
The orc closely misses you.
You release your grip on the orc.
The orc attacks as it pursues you! The orc closely misses you.
The orc attacks as it pursues you! The orc misses you.
There are monsters nearby!
The orc attacks as it pursues you! The orc hits you with a +0 flail!
Ouch! That really hurt!
The orc hits you with a +0 flail.
* * * LOW HITPOINT WARNING * * *
You slash the orc! You freeze the orc.
You kill the orc!
Cheibriados appreciates the change of pace.
The orc hits you with a +0 hand axe!
You die...

##################
#........#.......### .
#........+.......+.. ...
#.oo.....#.......#..
.....##.#o................
#.......#@###......[......
#......o#.#...............
#......o#.................
#.......#...#....#....##..
#.......#.................
........#.............#>#+
........###.#####.....#...
......... ... ..#.....#...
...........># ..


You could see 3 orcs.

Vanquished Creatures
  An orc (D:4)
  A giant cockroach (D:4)
2 creatures vanquished.

Notes
Turn   | Place    | Note
-------+----------+-------------------------------------------
     0 | D:5      | Azuregosa the Octopode Delver began the quest for the Orb.
     0 | D:5      | Reached XP level 1. HP: 16/16 MP: 1/1
    15 | D:7      | Identified the of Nenypt
    15 | D:7      | Noticed a bullfrog
    15 | D:7      | Noticed a centaur
    76 | D:6      | Noticed an orc wizard
   102 | D:5      | Noticed a hound
   108 | D:5      | Found a staircase to the Ecumenical Temple.
   112 | Temple   | Entered the Ecumenical Temple
   130 | Temple   | Became a worshipper of Cheibriados the Contemplative
   182 | D:5      | Noticed a black bear
   227 | D:4      | Slain by an orc

Illustrated notes

Levels and vault maps discovered:
D:4:      layout_basic, kennysheep_boxes
D:5:      layout_loops_ring, minmay_temple_entry_glassed_door, serial_shops,
          nicolae_shop_real_fake_doors
D:6:      layout_basic, minmay_manual_mess, uniq_pikel
D:7:      layout_loops_ring, grunt_temple_overflow_magic_moments,
          enter_ossuary_3, uniq_maggie, uniq_crazy_yiuf_cottage, uniq_menkaure
Temple:   chequers_temple_sunken

Action                     || total
---------------------------++-------
  Melee: War axe           ||     3
         Constrict         ||     1
    Use: Scroll            ||     1
 Armour: Skin              ||     5
  Dodge: Dodged            ||     3

Table legend: (Time is in decaauts)
 A = Elapsed time spent in this place.
 B = Non-inter-level travel time spent in this place.
 C = Inter-level travel time spent in this place.
 D = Time resting spent in this place.
 E = Time spent auto-exploring this place.
 F = Levels seen in this place.
 G = Mean time per level.
                   A        B        C        D        E       F      G
               +--------+--------+--------+--------+--------+-----+--------+
         Total |    252 |    252 |      0 |     19 |     39 |   5 |   50.4 |
       Dungeon |    211 |    211 |      0 |     19 |     39 |   4 |   52.8 |
        Temple |     41 |     41 |      0 |      0 |      0 |   1 |   41.0 |
               +--------+--------+--------+--------+--------+-----+--------+

Top non-repeatable levels by time:
     D:6: 86 daAuts
     D:5: 71 daAuts
     D:4: 51 daAuts
  Temple: 41 daAuts
     D:7: 1 daAuts
